 Dungeon Crawl Stone Soup version 0.31.0-11-ge490571c62 (webtiles) character file.

Game seed: 8218943510915235465

8445 booth the Cleaver (level 11, -1/101 HPs)
             Began as a Hill Orc Monk on Jan 30, 2024.
             Was an Elder of Beogh.
             Slain by a wraith (11 damage)
             ... led by Josephine
             ... on level 10 of the Dungeon.
             The game lasted 01:05:39 (11104 turns).

booth the Cleaver (Hill Orc Monk)                  Turns: 11104, Time: 01:05:40

Health: -1/101     AC: 14    Str: 19    XL:     11   Next: 31%
Magic:  17/17      EV: 11    Int: 10    God:    Beogh [****..]
Gold:   192        SH:  0    Dex:  8    Spells: 10/10 levels left

rFire   + . .        w - +0 war axe (chaos)
rCold   . . .        (no shield)
rNeg    + + +        x - +1 ring mail
rPois   +            (no helmet)
rElec   +            C - +2 cloak
rCorr   .            B - +2 pair of gloves
SInv    +            (no boots)
Will    +....        (no amulet) Stlth
                     n - ring of Elitism {rElec rPois rF+ SInv Stlth-}
HPRegen 0.36/turn    E - ring "Riexett" {rElec rPois rN+++ Will+ Dex-5}
MPRegen 0.15/turn

%: no passive effects
@: slowed, very slow
A: no striking features
a: Renounce Religion, Smiting, Recall Orcish Followers


You were on level 10 of the Dungeon.
You worshipped Beogh.
Beogh was greatly pleased with you.
You visited 2 branches of the dungeon, and saw 11 of its levels.

You collected 617 gold pieces.
You spent 425 gold pieces at shops.

Inventory:

Hand Weapons
 s - a +0 mace
 w - a +0 war axe of chaos (weapon)
 I - a +2 flail of protection
Missiles
 j - 35 poisoned darts
 z - 5 boomerangs (quivered)
 H - 3 curare-tipped darts
 J - a throwing net
Armour
 d - an orb of light
 t - a +0 scale mail
 x - a +1 ring mail (worn)
 B - a +2 pair of gloves (worn)
 C - a +2 cloak (worn)
Jewellery
 n - the ring of Elitism (left hand) {rElec rPois rF+ SInv Stlth-}
   (You found it on level 3 of the Dungeon)

   [ring of protection from fire]

   rF+:       It protects you from fire.
   rElec:     It insulates you from electricity.
   rPois:     It protects you from poison SInv: It lets you see invisible.
   Stlth-:    It makes you less stealthy.
 u - a +5 ring of evasion
 E - the ring "Riexett" (right hand) {rElec rPois rN+++ Will+ Dex-5}
   (You found it on level 8 of the Dungeon)

   [ring of poison resistance]

   Dex-5:     It affects your dexterity (-5).
   rElec:     It insulates you from electricity.
   rPois:     It protects you from poison rN+++: It renders you almost immune to
   negative energy.
   Will+:     It increases your willpower.
Wands
 b - a wand of acid (19)
 A - a wand of flame (16)
Scrolls
 e - a scroll of blinking
 h - 4 scrolls of teleportation
 l - a scroll of poison
 m - a scroll of immolation
 q - 4 scrolls of identify
 r - a scroll of vulnerability
 y - a scroll of butterflies
 F - a scroll of fog
 K - a scroll of fear
Potions
 a - a potion of berserk rage
 c - a potion of ambrosia
 f - 4 potions of attraction
 g - 5 potions of lignification
 i - 3 potions of enlightenment
 k - a potion of might
 o - a potion of invisibility
 p - 2 potions of mutation
 v - 2 potions of curing
 D - 2 potions of magic


   Skills:
 + Level 10.3 Fighting
 + Level 12.8 Axes
 + Level 5.6 Throwing
 + Level 8.7 Armour
 - Level 2.5 Dodging
 + Level 8.2 Invocations


You had 10 spell levels left.
You didn't know any spells.
Your spell library contained the following spells:

 Spells                   Type           Power      Damage    Failure   Level
 Apportation              Tloc           0%         N/A       52%         1
 Necrotise                Necr           0%         1d4       52%         1
 Shock                    Conj/Air       0%         1d3       52%         1
 Sting                    Conj/Alch      0%         1d3       52%         1
 Summon Small Mammal      Summ           0%         N/A       52%         1
 Blink                    Tloc           0%         N/A       65%         2
 Ensorcelled Hibernation  Hex/Ice        0%         N/A       65%         2
 Lesser Beckoning         Tloc           0%         N/A       65%         2
 Momentum Strike          Conj/Tloc      0%         3d8       65%         2
 Frozen Ramparts          Ice            0%         1d1       87%         3
 Inner Flame              Hex/Fire       0%         N/A       87%         3
 Passwall                 Erth           0%         N/A       87%         3
 Swiftness                Air            0%         N/A       87%         3
 Airstrike                Air            0%         2d(0-16)  99%         4
 Flame Wave               Conj/Fire      0%         2d4       99%         4
 Leda's Liquefaction      Alch/Erth      0%         N/A       99%         4
 Olgreb's Toxic Radiance  Alch           0%         N/A       99%         4
 Petrify                  Alch/Erth      0%         N/A       99%         4
 Sticky Flame             Fire/Alch      0%         2d4       99%         4
 Metabolic Englaciation   Hex/Ice        0%         N/A       100%        5
 Ozocubu's Refrigeration  Ice            0%         4d7       100%        7
 Discord                  Hex            0%         N/A       100%        8


Dungeon Overview and Level Annotations

Branches:
Dungeon (10/15)            Temple (1/1) D:5            Lair (0/5) D:9
    Orc (0/2) D:10

Altars:
Ashenzari
Cheibriados
Dithmenos
Elyvilon
Fedhas
Gozag
Hepliaklqana
Kikubaaqudgha
Makhleb
Nemelex Xobeh
Okawaru
Qazlal
Ru
Sif Muna
Trog
Uskayaw
Vehumet
Wu Jian
Xom
Yredelemnul
Zin
The Shining One

Shops:
D:4 (?   D:9 *


Message History

The wraith drains your vigour!
You feel as though you will be slow longer.
You hit Josephine. You freeze Josephine.
Josephine is severely wounded.
You hit the wraith.
The wraith seems to speed up.
You barely miss the wraith. The wraith barely misses you. The wraith hits you.
The wraith drains your vigour!
You feel as though you will be slow longer.
Josephine hits you but does no damage. The wraith hits you but does no damage.
The wraith hits you!
* * * LOW HITPOINT WARNING * * *
You feel better. The wraith closely misses you. The wraith hits you!
* * * LOW HITPOINT WARNING * * *
The wraith drains your vigour!
You feel as though you will be slow longer.
Josephine hits you with a +0 dagger.
* * * LOW HITPOINT WARNING * * *
The wraith barely misses you. The wraith closely misses you.
Josephine hits you with a +0 dagger.
* * * LOW HITPOINT WARNING * * *
The wraith hits you!
* * * LOW HITPOINT WARNING * * *
The wraith drains your vigour!
You feel as though you will be slow longer.
You barely miss Josephine.
Josephine is almost dead.
You barely miss the wraith. x2; The wraith barely misses you.
The wraith hits you but does no damage.
You are unaffected.
The wraith misses you. The wraith hits you.
* * * LOW HITPOINT WARNING * * *
Blink to where?
Press: ? - help, Dir - move target
As you read the scroll of blinking, it crumbles to dust.
Josephine screams, "Die!"
You kill Josephine!
Beogh accepts your kill.
Things that are here:
a +0 orcbow; a centaur corpse The wraith hits you but does no damage.
The wraith hits you!
You die...

.)...##......#....).....#
...#......................).....#
...#.................#..##.)....#
....................##>...##.####
..........##..#....>####..#..##
.W........###....##...##......#
...........#.....##...........#
#....#.........W..#...........##
#..........W@.)............#
##...).......#........#....#
#.........(.##<....####...#
#ยง.####.....###..(.# ##### ####
#.....# ##...# ##...## #####
##.## ###


You could see 2 wraiths.

Vanquished Creatures
  Josephine (D:10)
  A cyclops (D:10)
  Maurice (D:7)
  A kobold demonologist (D:10)
  Psyche (D:8)
  2 trolls (D:10)
  3 hornets
  A shadow (D:10)
  A wraith (D:10)
  5 yaks (D:10)
  2 steam dragons
  2 acid dragons
  3 orc warriors
  A sky beast (D:7)
  2 ice beasts
  2 ogres
  2 black bears
  4 centaurs
  2 phantoms
  2 kobold brigands
  3 bullfrogs
  5 scorpions
  4 gnoll sergeants
  3 wights (D:8)
  15 killer bees
  2 howler monkeys
  3 hounds
  7 jellies
  3 orc priests
  Crazy Yiuf (D:2)
  A gnoll bouda (D:6)
  A sleepcap (D:8)
  An iguana (D:5)
  3 orc wizards
  18 gnolls
  5 adders
  A white imp (D:4)
  3 dart slugs
  4 ribbon worms
  29 orcs
  8 endoplasms
  2 giant cockroaches
  4 goblins
  12 hobgoblins
  3 jackals (D:3)
  9 kobolds
  2 quokkas
  3 ball pythons
  4 bats
  3 frilled lizards
  10 rats
211 creatures vanquished.

Vanquished Creatures (collateral kills)
  A centaur (D:9)
  2 killer bees
  A gnoll (D:8)
  4 orcs (D:10)
8 creatures vanquished.

Vanquished Creatures (others)
  A cyclops (D:9)
  3 orc warriors
  2 orc wizards (D:10)
  4 orcs
10 creatures vanquished.

Grand Total: 229 creatures vanquished

Notes
Turn   | Place    | Note
-------+----------+-------------------------------------------
     0 | D:1      | booth the Hill Orc Monk began the quest for the Orb.
     0 | D:1      | Reached XP level 1. HP: 19/19 MP: 1/1
   262 | D:1      | Reached XP level 2. HP: 22/27 MP: 2/2
   854 | D:2      | Reached XP level 3. HP: 23/33 MP: 3/3
  1063 | D:2      | Found a faded altar of an unknown god.
  1073 | D:2      | Reached skill level 1 in Armour
  1135 | D:2      | Reached skill level 5 in Axes
  1502 | D:2      | Found a runed translucent door.
  1503 | D:2      | Noticed Crazy Yiuf
  1715 | D:3      | Identified the ring of Elitism {rElec rPois rF+ SInv
                  | Stlth-}
  1786 | D:3      | Reached XP level 4. HP: 41/41 MP: 4/4
  2135 | D:3      | Found an iron altar of Okawaru.
  2647 | D:2      | Killed Crazy Yiuf
  2648 | D:2      | Reached XP level 5. HP: 19/47 MP: 5/5
  2943 | D:4      | Noticed a phantom
  2984 | D:4      | Killed a phantom
  2985 | D:4      | Reached skill level 6 in Axes
  3093 | D:4      | Reached skill level 5 in Fighting
  3186 | D:4      | Reached XP level 6. HP: 55/56 MP: 6/6
  3332 | D:4      | Identified the +0 plate armour "Sishreobb" {rElec rC+}
  3426 | D:4      | Reached skill level 7 in Axes
  3501 | D:4      | Identified the +4 sling "Leviticus" {drain, rC+ Str+4
                  | Int+4}
  3542 | D:4      | Found Simunin's Weapon Shop.
  4077 | D:4      | Found The Oracle's Delphic Readings.
  4083 | D:4      | Bought a scroll of blinking for 75 gold pieces
  4083 | D:4      | Bought a scroll of teleportation for 30 gold pieces
  4414 | D:5      | Entered Level 5 of the Dungeon
  4446 | D:5      | Noticed a black bear
  4466 | D:4      | Killed a black bear
  4467 | D:4      | Reached XP level 7. HP: 6/62 MP: 7/7
  4748 | D:5      | Found a blossoming altar of Fedhas.
  4763 | D:5      | Reached skill level 8 in Axes
  5090 | D:5      | Found a staircase to the Ecumenical Temple.
  5102 | D:5      | Reached skill level 9 in Axes
  5102 | D:5      | Reached XP level 8. HP: 61/71 MP: 8/8
  5113 | Temple   | Entered the Ecumenical Temple
  5647 | D:6      | Became a worshipper of Beogh the Brigand
  5647 | D:6      | Reached * piety under Beogh
  5647 | D:6      | Reached ** piety under Beogh
  5994 | D:6      | Reached skill level 10 in Axes
  5994 | D:6      | Reached skill level 5 in Armour
  6320 | D:6      | Reached skill level 1 in Invocations
  6337 | D:6      | Reached skill level 1 in Throwing
  6446 | D:6      | Found a basalt altar of Yredelemnul.
  6829 | D:7      | Reached XP level 9. HP: 77/79 MP: 10/10
  7097 | D:7      | Found an ornate altar of the Wu Jian Council.
  7117 | D:7      | Noticed Maurice
  7158 | D:7      | Maurice stole an orb of light
  7159 | D:7      | Maurice stole a +0 flail of holy wrath
  7183 | D:7      | Maurice stole 79 gold
  7190 | D:7      | Killed Maurice
  7412 | D:7      | Reached skill level 11 in Axes
  7902 | D:8      | Found a glowing golden altar of the Shining One.
  7912 | D:8      | Reached *** piety under Beogh
  7921 | D:8      | Reached skill level 5 in Invocations
  7966 | D:8      | Noticed a hornet
  7976 | D:8      | Killed a hornet
  7977 | D:8      | Reached XP level 10. HP: 90/90 MP: 12/14
  7992 | D:8      | Noticed Psyche
  8006 | D:8      | Killed Psyche
  8089 | D:8      | Identified the ring "Riexett" {rElec rPois rN+++ Will+
                  | Dex-5}
  8722 | D:8      | Found an ancient bone altar of Kikubaaqudgha.
  8722 | D:8      | Found a sacrificial altar of Ru.
  8892 | D:8      | Gained Dorog as an ally
  8964 | D:8      | Found a stormy altar of Qazlal.
  9141 | D:9      | Found a staircase to the Lair.
  9367 | D:9      | Found Aneunas's Assorted Antiques.
  9388 | D:9      | Your ally Dorog died
  9394 | D:9      | Noticed a cyclops
  9403 | D:9      | Killed a cyclops
  9596 | D:9      | Reached skill level 12 in Axes
 10170 | D:9      | Bought 2 potions of heal wounds for 320 gold pieces
 10188 | D:10     | Entered Level 10 of the Dungeon
 10439 | D:10     | Reached skill level 5 in Throwing
 10543 | D:10     | Reached XP level 11. HP: 70/99 MP: 16/16
 10547 | D:10     | Reached **** piety under Beogh
 10626 | D:10     | Found a staircase to the Orcish Mines.
 10656 | D:10     | Noticed a cyclops
 10667 | D:10     | Killed a cyclops
 10668 | D:10     | Reached skill level 10 in Fighting
 11078 | D:10     | Noticed Josephine
 11103 | D:10     | Killed Josephine
 11104 | D:10     | Slain by a wraith

Illustrated notes

Levels and vault maps discovered:
D:1:      minmay_arrival_hallway, layout_loops_cross
D:2:      layout_loops_cross, shapermc_ecumenical_altar_starsandcircs,
          minivault_19, minivault_19, uniq_crazy_yiuf_cottage
D:3:      minmay_spotlight, layout_basic, okawaru_ov_weapons_minmay
D:4:      minmay_opposing_rooms, layout_layer_cave, serial_shops,
          nicolae_shop_advertising_works [nicolae_subvault_shop_adworks],
          nicolae_nh_oracle_at_delphi
D:5:      layout_rooms, fedhas_altar_3, minmay_temple_entry_butterflies
D:6:      layout_basic, yredelemnul_altar_generic
D:7:      layout_basic, nzn_wu_jian_contemplation, uniq_maurice
D:8:      layout_basic, mainiacjoe_overflow_alcove_4,
          mainiacjoe_overflow_catwalk, gammafunk_temple_overflow_wave,
          kennysheep_nub, uniq_psyche
D:9:      layout_rooms, dpeg_oklobed_lair, serial_shops, shop,
          chequers_serial_rivers_room_a, minmay_misc_feat_alley, minmay_holes
D:10:     layout_cave_pools, erik_orc_3, nicolae_figureground_pulse,
          uniq_josephine
Temple:   nicolae_temple_ecumenical_triangle

Skill      XL: |  1  2  3  4  5  6  7  8  9 10 11 |
---------------+----------------------------------+-----
Fighting       | 4 5 6 7 8 9 10 | 10.3
Armour         | 1 2 3 4 5 6 8 |  8.7
Axes           | 5 6 7 9 10 11 12 | 12.8
Invocations    | 2 5 7 8 |  8.2
Throwing       | 1 3 5 |  5.6
Dodging        | |  2.5

Action                     |  1- 3 |  4- 6 |  7- 9 | 10-12 || total
---------------------------+-------+-------+-------+-------++-------
  Melee: Hand axe          |   122 |   205 |   252 |       ||   579
         Punch             |       |       |     5 |     4 ||     9
         War axe           |       |       |   148 |   253 ||   401
  Throw: Dart              |     5 |    12 |    18 |     1 ||    36
         Boomerang         |       |       |    30 |    14 ||    44
 Invoke: Smiting           |       |       |     1 |       ||     1
         Convert to Beogh  |       |       |     1 |       ||     1
         Recall Orcish Fol |       |       |       |     1 ||     1
    Use: Scroll            |     3 |     9 |    10 |     6 ||    28
         Potion            |     1 |     1 |     1 |     5 ||     8
   Stab: Confused          |       |       |       |     2 ||     2
         Paralysed         |       |       |       |     2 ||     2
         Distracted        |       |       |       |     2 ||     2
 Armour: Robe              |    50 |    12 |       |       ||    62
         Leather armour    |       |    57 |    32 |       ||    89
         Ring mail         |       |       |   157 |   257 ||   414
  Dodge: Dodged            |    82 |   164 |   290 |   214 ||   750
